New York Rangers vs Vancouver Canucks
Created - Tuesday, November 26, 2024 at 08:51
Goals
|
| New York Rangers |
2 |
1 |
1 |
4 |
| Vancouver Canucks |
0 |
2 |
0 |
2 |
|
Shots
|
| New York Rangers |
13 |
11 |
9 |
33 |
| Vancouver Canucks |
15 |
15 |
5 |
35 |
|
1st period
1. New York Rangers , Marcus Foligno 11 (Conor Garland 17, Brendan Smith 10) at 13:42
2. New York Rangers , Artemi Panarin 28 (Nathan MacKinnon 32, Jake McCabe 24) at 17:17
Penalties :
Dmitry Kulikov (NYR) for High sticking (Minor) at 8:13
2nd period
3. Vancouver Canucks , Kasperi Kapanen 7 (Matias Maccelli 16, Jesperi Kotkaniemi 13) at 13:00
4. New York Rangers , Nikolaj Ehlers 21 (Mathew Barzal 27, Joe Pavelski 20) at 16:14 (PP)
5. Vancouver Canucks , Mikko Rantanen 30 (Clayton Keller 19, Miro Heiskanen 35) at 19:27
Penalties :
Jake McCabe (NYR) for Slashing (Minor) at 8:06, Mikko Rantanen (VAN) for Roughing (Minor) at 15:12
3rd period
6. New York Rangers , Teuvo Teravainen 23 (Mathew Barzal 28, Matthew Benning 9) at 11:05
Penalties :
Brendan Smith (NYR) for Holding (Minor) at 3:44, Ty Dellandrea (VAN) for Roughing (Minor) at 14:25, Aleksander Barkov (VAN) for Cross-checking (Minor) at 19:57
Goalie Stats
Igor Shesterkin (NYR), 33 saves from 35 shots - (0.943), W, 33-16-8, 60:00 minutes
Joonas Korpisalo (VAN), 10 saves from 11 shots - (0.909), 21:34 minutes
Justus Annunen (VAN), 19 saves from 22 shots - (0.864), L, 20-12-5, 38:26 minutes
Players Stats for New York Rangers
Player Name G A P +/- PIM S H SB GA TA FO MP PP MP PK MP
------------------------------------------------------------------------------------
Adam Larsson 0 0 0 0 0 2 2 1 0 3 0/0 21:44 0:00 3:27
Artemi Panarin 1 0 1 1 0 4 0 1 0 1 0/1 16:35 1:27 0:00
Brendan Smith 0 1 1 0 2 1 1 2 1 0 0/0 18:59 0:00 2:01
Cam Fowler 0 0 0 0 0 0 1 0 0 1 0/0 20:06 1:27 1:26
Cole Caufield 0 0 0 0 0 1 0 0 3 0 0/1 13:55 1:27 0:00
Conor Garland 0 1 1 -1 0 5 0 0 1 0 0/0 7:50 0:00 0:00
David Kampf 0 0 0 -1 0 1 1 0 0 0 1/4 11:17 0:00 2:58
Dmitry Kulikov 0 0 0 1 2 0 1 1 0 1 0/0 16:26 0:00 0:00
Dylan Strome 0 0 0 1 0 0 1 0 0 0 8/16 16:55 1:27 0:14
Jake McCabe 0 1 1 0 2 0 1 2 0 1 0/0 20:41 1:36 1:54
Joe Pavelski 0 1 1 0 0 1 0 0 1 0 8/16 14:09 1:36 0:00
Marcus Foligno 1 0 1 -1 0 2 0 0 1 0 0/2 11:17 0:00 2:49
Mathew Barzal 0 2 2 1 0 1 1 0 3 1 0/0 16:26 1:36 0:00
Matthew Benning 0 1 1 1 0 1 2 0 0 0 0/0 20:01 0:00 3:06
Mikael Granlund 0 0 0 0 0 1 1 0 0 0 2/5 15:18 0:00 2:52
Nathan MacKinnon 0 1 1 1 0 8 3 0 1 0 0/1 16:31 1:27 0:00
Nikolaj Ehlers 1 0 1 1 0 2 1 0 2 0 0/0 16:02 1:36 0:00
Teuvo Teravainen 1 0 1 1 0 3 2 0 0 1 7/15 19:48 1:36 3:01
Players Stats for Vancouver Canucks
Player Name G A P +/- PIM S H SB GA TA FO MP PP MP PK MP
------------------------------------------------------------------------------------
Aleksander Barkov 0 0 0 0 2 4 0 0 3 2 21/31 21:39 2:57 1:21
Anton Lundell 0 0 0 -1 0 1 1 1 0 1 7/14 15:48 0:00 1:35
Casey Mittelstadt 0 0 0 0 0 2 2 0 2 0 1/5 20:57 3:00 0:09
Clayton Keller 0 1 1 -1 0 3 3 0 0 0 0/0 17:41 2:57 0:00
Connor Zary 0 0 0 -1 0 3 2 0 0 1 3/7 11:32 0:00 0:00
Emil Martinsen Lilleberg 0 0 0 1 0 0 1 0 0 0 0/0 19:55 2:53 1:17
Jacob Bernard-Docker 0 0 0 1 0 0 0 2 0 2 0/0 15:32 0:00 0:00
Jake Bean 0 0 0 -1 0 1 0 1 0 2 0/0 18:53 2:53 1:46
Jesperi Kotkaniemi 0 1 1 1 0 1 0 1 0 0 1/1 8:31 0:00 0:34
Justin Schultz 0 0 0 -1 0 1 1 0 0 1 0/0 14:07 0:00 0:00
Kasperi Kapanen 1 0 1 1 0 1 0 0 0 0 0/0 6:36 0:00 0:00
Matias Maccelli 0 1 1 1 0 2 0 1 0 0 1/1 10:38 3:00 0:00
Mikko Rantanen 1 0 1 -1 2 6 2 1 2 0 0/0 18:46 2:57 1:06
Miro Heiskanen 0 1 1 -1 0 2 2 1 1 0 0/0 25:28 3:04 1:17
Noah Hanifin 0 0 0 -1 0 6 4 3 0 3 0/0 26:05 3:04 1:46
Robby Fabbri 0 0 0 -1 0 1 1 0 0 0 0/1 11:32 0:00 0:00
Taylor Raddysh 0 0 0 -1 0 1 0 0 1 1 0/0 15:22 3:00 1:21
Ty Dellandrea 0 0 0 0 2 0 4 0 0 0 1/1 17:52 0:00 0:00
3 Stars
1 - Igor Shesterkin (NYR)
2 - Teuvo Teravainen (NYR)
3 - Mathew Barzal (NYR)
Power Play
New York Rangers - 1 on 3 Attempt(s) - 33.33%
Vancouver Canucks - 0 on 3 Attempt(s) - 0.00%
Penalty Kill
New York Rangers - 3 on 3 Attempt(s) - 100.00%
- Score 0 goal in Penalty Kill
Vancouver Canucks - 2 on 3 Attempt(s) - 66.67%
- Score 0 goal in Penalty Kill
Team Stat
New York Rangers - Hits : 18 - Faceoff Wins : 26 - Blocked Shots : 7 - Penalty Minutes : 6
Vancouver Canucks - Hits : 23 - Faceoff Wins : 35 - Blocked Shots : 11 - Penalty Minutes : 6
Official
Referees : Chris Schlenker and Cody Beach
Linesman : Joseph Mahon and Tyson Baker
Game Notes
Justus Annunen is injured at 18:26 of 2nd period (Sports Hernia)
Joonas Korpisalo enters game at 18:26 of 2nd period
Finance
Level 1 -- Attendance: 4697 (78.28%) -- Ticket Income $465,003
Level 2 -- Attendance: 3657 (73.14%) -- Ticket Income $215,763
Level 3 -- Attendance: 2446 (81.53%) -- Ticket Income $83,164
Level 4 -- Attendance: 3724 (74.48%) -- Ticket Income $89,376
Luxury Box -- Attendance: 765 (76.50%) -- Ticket Income $152,235
Game was played at the Rogers Arena.
Total Attendance: 15289 (76.45%)
Total Ticket Income: $1,005,541
Other Income: $351,939
Total Income: $1,357,480
New York Rangers
5 vs 5 Forward
Center Left Wing Right Wing Time % Phy DF OF
1 Dylan Strome Artemi Panarin Nathan MacKinnon 30 0 1 4
2 Teuvo Teravainen Nikolaj Ehlers Mathew Barzal 30 0 2 3
3 Joe Pavelski Cole Caufield Mikael Granlund 25 1 2 2
4 David Kampf Marcus Foligno Conor Garland 15 1 2 2
5 vs 5 Defense
Defense Defense Time % Phy DF OF
1 Adam Larsson Jake McCabe 36 1 2 2
2 Cam Fowler Brendan Smith 33 1 2 2
3 Matthew Benning Dmitry Kulikov 31 1 2 2
4 Cam Fowler Adam Larsson 0 1 2 2
PowerPlay Forward
Center Left Wing Right Wing Time % Phy DF OF
1 Dylan Strome Cole Caufield Nathan MacKinnon 50 0 1 4
2 Joe Pavelski Nikolaj Ehlers Mathew Barzal 50 0 2 3
PowerPlay Defense
Defense Defense Time % Phy DF OF
1 Cam Fowler Artemi Panarin 50 0 2 3
2 Jake McCabe Teuvo Teravainen 50 0 2 3
Penalty Kill 4 Players Forward
Center Wing Time % Phy DF OF
1 Mikael Granlund Marcus Foligno 50 1 3 1
2 David Kampf Teuvo Teravainen 50 1 3 1
Penalty Kill 4 Players Defense
Defense Defense Time % Phy DF OF
1 Matthew Benning Adam Larsson 50 1 3 1
2 Jake McCabe Brendan Smith 50 1 3 1
Penalty Kill - 3 Players Forward
Forward Time % Phy DF OF
1 David Kampf 50 1 3 1
2 Mikael Granlund 50 1 3 1
Penalty Kill - 3 Players Defense
Defense Defense Time % Phy DF OF
1 Matthew Benning Adam Larsson 50 1 3 1
2 Jake McCabe Brendan Smith 50 1 3 1
4 vs 4 Forward
Center Wing Time % Phy DF OF
1 Nathan MacKinnon Artemi Panarin 50 1 2 2
2 Dylan Strome Teuvo Teravainen 50 1 2 2
4 vs 4 Defense
Defense Defense Time % Phy DF OF
1 Cam Fowler Adam Larsson 50 1 2 2
2 Jake McCabe Brendan Smith 50 1 2 2
Last Minutes Offensive
Center Left Wing Right Wing Defense Defense
Dylan Strome Artemi Panarin Nathan MacKinnon Jake McCabe Cam Fowler
Last Minutes Defensive
Center Left Wing Right Wing Defense Defense
David Kampf Marcus Foligno Mikael Granlund Matthew Benning Adam Larsson
Goaltenders
Starting : Igor Shesterkin
Backup : Kevin Lankinen
Extra Forwards
Normal : Joe Pavelski, Teuvo Teravainen, Dylan Strome - PP : David Kampf, Teuvo Teravainen - PK : Dylan Strome
Extra Defensemen
Normal : Dmitry Kulikov, Matthew Benning, Jake McCabe - PP : Dmitry Kulikov - PK : Matthew Benning, Jake McCabe
Penalty Shots
Artemi Panarin, Cole Caufield, David Kampf, Nathan MacKinnon, Joe Pavelski
Scratches
None
Vancouver Canucks
5 vs 5 Forward
Center Left Wing Right Wing Time % Phy DF OF
1 Aleksander Barkov Casey Mittelstadt Ty Dellandrea 40 1 2 2
2 Anton Lundell Clayton Keller Mikko Rantanen 30 1 2 2
3 Connor Zary Robby Fabbri Taylor Raddysh 20 1 2 2
4 Jesperi Kotkaniemi Matias Maccelli Kasperi Kapanen 10 1 2 2
5 vs 5 Defense
Defense Defense Time % Phy DF OF
1 Noah Hanifin Miro Heiskanen 30 1 2 2
2 Emil Martinsen Lilleberg Jacob Bernard-Docker 30 1 2 2
3 Jake Bean Justin Schultz 25 1 2 2
4 Noah Hanifin Miro Heiskanen 15 1 2 2
PowerPlay Forward
Center Left Wing Right Wing Time % Phy DF OF
1 Aleksander Barkov Clayton Keller Mikko Rantanen 50 1 2 2
2 Casey Mittelstadt Matias Maccelli Taylor Raddysh 50 1 2 2
PowerPlay Defense
Defense Defense Time % Phy DF OF
1 Noah Hanifin Miro Heiskanen 50 1 2 2
2 Jake Bean Emil Martinsen Lilleberg 50 1 2 2
Penalty Kill 4 Players Forward
Center Wing Time % Phy DF OF
1 Aleksander Barkov Taylor Raddysh 50 1 2 2
2 Anton Lundell Mikko Rantanen 50 1 2 2
Penalty Kill 4 Players Defense
Defense Defense Time % Phy DF OF
1 Noah Hanifin Jake Bean 50 1 2 2
2 Emil Martinsen Lilleberg Miro Heiskanen 50 1 2 2
Penalty Kill - 3 Players Forward
Forward Time % Phy DF OF
1 Aleksander Barkov 50 1 2 2
2 Taylor Raddysh 50 1 2 2
Penalty Kill - 3 Players Defense
Defense Defense Time % Phy DF OF
1 Noah Hanifin Jake Bean 50 1 2 2
2 Emil Martinsen Lilleberg Miro Heiskanen 50 1 2 2
4 vs 4 Forward
Center Wing Time % Phy DF OF
1 Casey Mittelstadt Mikko Rantanen 50 1 2 2
2 Aleksander Barkov Clayton Keller 50 1 2 2
4 vs 4 Defense
Defense Defense Time % Phy DF OF
1 Noah Hanifin Miro Heiskanen 50 1 2 2
2 Jake Bean Emil Martinsen Lilleberg 50 1 2 2
Last Minutes Offensive
Center Left Wing Right Wing Defense Defense
Aleksander Barkov Clayton Keller Mikko Rantanen Noah Hanifin Miro Heiskanen
Last Minutes Defensive
Center Left Wing Right Wing Defense Defense
Aleksander Barkov Clayton Keller Mikko Rantanen Noah Hanifin Miro Heiskanen
Goaltenders
Starting : Justus Annunen
Backup : Joonas Korpisalo
Extra Forwards
Normal : Matias Maccelli, Mikko Rantanen, Jesperi Kotkaniemi - PP : Matias Maccelli, Anton Lundell - PK : Jesperi Kotkaniemi
Extra Defensemen
Normal : Jake Bean, Miro Heiskanen, Emil Martinsen Lilleberg - PP : Jake Bean - PK : Noah Hanifin, Emil Martinsen Lilleberg
Penalty Shots
Aleksander Barkov, Mikko Rantanen, Clayton Keller, Taylor Raddysh, Casey Mittelstadt
Scratches
Artturi Lehkonen (Strained Left Knee Injury), Adam Boqvist (Left Foot Injury), Jesse Ylonen (Healthy), Jacob Bryson (Healthy), Nathan Smith (Healthy)
Ville Husso (Healthy)
% Time on Ice - New York Rangers
Lines # - Real PCT - Wanted PCT - Time Play
Normal Forward
1 - 31% - 30% - 15:48
2 - 30% - 30% - 15:21
3 - 24% - 25% - 12:01
4 - 15% - 15% - 7:50
Normal Defense
1 - 35% - 36% - 17:43
2 - 32% - 33% - 16:21
3 - 31% - 31% - 16:03
4 - 2% - 0% - 0:53
PP Forward
1 - 48% - 50% - 1:27
2 - 52% - 50% - 1:36
PP Defense
1 - 48% - 50% - 1:27
2 - 52% - 50% - 1:36
PK Forward
1 - 49% - 50% - 2:56
2 - 51% - 50% - 3:01
PK Defense
1 - 44% - 50% - 2:37
2 - 56% - 50% - 3:20
PK3 Forward
1 - 0% - 50%
2 - 0% - 50%
PK3 Defense
1 - 0% - 50%
2 - 0% - 50%
44 Forward
1 - 0% - 50%
2 - 0% - 50%
44 Defense
1 - 0% - 50%
2 - 0% - 50%
Last Minute Offensive - 0:00
Last Minute Defensive - 0:00
Total
Forward - 60:00
Defense - 60:00
|
% Time on Ice - Vancouver Canucks
Lines # - Real PCT - Wanted PCT - Time Play
Normal Forward
1 - 35% - 40% - 18:06
2 - 29% - 30% - 14:46
3 - 23% - 20% - 11:32
4 - 13% - 10% - 6:36
Normal Defense
1 - 30% - 30% - 15:04
2 - 31% - 30% - 16:03
3 - 28% - 25% - 14:07
4 - 11% - 15% - 5:46
PP Forward
1 - 50% - 50% - 2:57
2 - 50% - 50% - 3:00
PP Defense
1 - 52% - 50% - 3:04
2 - 48% - 50% - 2:53
PK Forward
1 - 44% - 50% - 1:21
2 - 56% - 50% - 1:42
PK Defense
1 - 58% - 50% - 1:46
2 - 42% - 50% - 1:17
PK3 Forward
1 - 0% - 50%
2 - 0% - 50%
PK3 Defense
1 - 0% - 50%
2 - 0% - 50%
44 Forward
1 - 0% - 50%
2 - 0% - 50%
44 Defense
1 - 0% - 50%
2 - 0% - 50%
Last Minute Offensive - 0:00
Last Minute Defensive - 0:00
Total
Forward - 60:00
Defense - 60:00
|
Play-by-Play
1st period
0:01 of 1st period - Dylan Strome wins face-off versus Aleksander Barkov in neutral zone.
0:35 of 1st period - Snap shot by Mikko Rantanen.
0:35 of 1st period - Stopped by Igor Shesterkin without a rebound.
0:36 of 1st period - Connor Zary wins face-off versus Joe Pavelski in New York Rangers zone.
0:39 of 1st period - Slapshot by Connor Zary.
0:39 of 1st period - Stopped by Igor Shesterkin without a rebound.
0:40 of 1st period - Joe Pavelski wins face-off versus Robby Fabbri in New York Rangers zone.
1:11 of 1st period - Wrist shot by Mikko Rantanen.
1:11 of 1st period - Stopped by Igor Shesterkin with a rebound.
2:08 of 1st period - Snap shot by Cole Caufield.
2:08 of 1st period - Stopped by Justus Annunen without a rebound.
2:09 of 1st period - Joe Pavelski wins face-off versus Connor Zary in Vancouver Canucks zone.
2:10 of 1st period - Snap shot by Cole Caufield.
2:10 of 1st period - Shot Misses the Net.
2:20 of 1st period - Snap shot by Connor Zary.
2:20 of 1st period - Stopped by Igor Shesterkin without a rebound.
2:21 of 1st period - Aleksander Barkov wins face-off versus Teuvo Teravainen in New York Rangers zone.
2:49 of 1st period - Anton Lundell is hit by Jake McCabe.
3:31 of 1st period - Wrist shot by Aleksander Barkov.
3:31 of 1st period - Shot Blocked by Brendan Smith.
3:41 of 1st period - Snap shot by Aleksander Barkov.
3:41 of 1st period - Shot Misses the Net.
3:43 of 1st period - Backhand shot by Noah Hanifin.
3:43 of 1st period - Stopped by Igor Shesterkin without a rebound.
3:44 of 1st period - Joe Pavelski wins face-off versus Anton Lundell in New York Rangers zone.
3:51 of 1st period - Snap shot by Joe Pavelski.
3:51 of 1st period - Stopped by Justus Annunen with a rebound.
3:53 of 1st period - Wrist shot by Mikael Granlund.
3:53 of 1st period - Shot Misses the Net.
4:46 of 1st period - Snap shot by Nathan MacKinnon.
4:46 of 1st period - Stopped by Justus Annunen with a rebound.
4:59 of 1st period - Kasperi Kapanen is hit by Cam Fowler and loses puck.
5:04 of 1st period - Snap shot by Cole Caufield.
5:04 of 1st period - Shot Misses the Net.
5:24 of 1st period - Emil Martinsen Lilleberg is hit by David Kampf.
5:33 of 1st period - Off-side.
5:34 of 1st period - Aleksander Barkov wins face-off versus Teuvo Teravainen in neutral zone.
6:00 of 1st period - Anton Lundell is hit by Nathan MacKinnon and loses puck.
6:21 of 1st period - Snap shot by Dylan Strome.
6:21 of 1st period - Shot Blocked by Noah Hanifin.
6:27 of 1st period - Mikael Granlund is hit by Robby Fabbri and loses puck.
6:42 of 1st period - Marcus Foligno is hit by Justin Schultz.
7:20 of 1st period - Emil Martinsen Lilleberg is hit by Dylan Strome and loses puck.
7:58 of 1st period - Wrist shot by Robby Fabbri.
7:58 of 1st period - Shot Misses the Net.
8:13 of 1st period - Minor Penalty to Dmitry Kulikov for High sticking.
8:14 of 1st period - Aleksander Barkov wins face-off versus Mikael Granlund in New York Rangers zone.
8:29 of 1st period - Snap shot by Clayton Keller.
8:29 of 1st period - Deflect By David Kampf.
8:29 of 1st period - Stopped by Igor Shesterkin with a rebound.
8:31 of 1st period - Slapshot by Noah Hanifin.
8:31 of 1st period - Stopped by Igor Shesterkin without a rebound.
8:32 of 1st period - Mikael Granlund wins face-off versus Casey Mittelstadt in New York Rangers zone.
9:06 of 1st period - Adam Larsson is hit by Clayton Keller and loses puck.
9:27 of 1st period - Snap shot by Teuvo Teravainen.
9:27 of 1st period - Stopped by Justus Annunen without a rebound.
9:28 of 1st period - Casey Mittelstadt wins face-off versus David Kampf in Vancouver Canucks zone.
9:39 of 1st period - Snap shot by Casey Mittelstadt.
9:39 of 1st period - Stopped by Igor Shesterkin with a rebound.
10:13 of 1st period - Penalty to Dmitry Kulikov is over, Dmitry Kulikov is back on ice.
10:42 of 1st period - Slapshot by Nathan MacKinnon.
10:42 of 1st period - Shot Misses the Net.
11:14 of 1st period - Snap shot by Mikael Granlund.
11:14 of 1st period - Shot Misses the Net.
11:59 of 1st period - Dmitry Kulikov is hit by Casey Mittelstadt and loses puck.
12:26 of 1st period - Emil Martinsen Lilleberg is hit by Dmitry Kulikov and loses puck.
12:37 of 1st period - Jake McCabe is hit by Connor Zary and loses puck.
12:42 of 1st period - Wrist shot by Robby Fabbri.
12:42 of 1st period - Stopped by Igor Shesterkin without a rebound.
12:43 of 1st period - Joe Pavelski wins face-off versus Connor Zary in New York Rangers zone.
13:38 of 1st period - Slapshot by Marcus Foligno.
13:38 of 1st period - Stopped by Justus Annunen with a rebound.
13:40 of 1st period - Wrist shot by Marcus Foligno.
13:40 of 1st period - Deflect By Conor Garland.
13:40 of 1st period - Stopped by Justus Annunen with a rebound.
13:42 of 1st period - Snap shot by Marcus Foligno.
13:42 of 1st period - Goal by Marcus Foligno - New York Rangers : 1 - Vancouver Canucks : 0.
13:43 of 1st period - Aleksander Barkov wins face-off versus Teuvo Teravainen in neutral zone.
14:19 of 1st period - Snap shot by Mikko Rantanen.
14:19 of 1st period - Shot Blocked by Artemi Panarin.
14:27 of 1st period - Snap shot by Mikko Rantanen.
14:27 of 1st period - Deflect By Clayton Keller.
14:27 of 1st period - Stopped by Igor Shesterkin without a rebound.
14:28 of 1st period - Joe Pavelski wins face-off versus Connor Zary in New York Rangers zone.
14:33 of 1st period - Connor Zary is hit by Brendan Smith and loses puck.
14:42 of 1st period - Wrist shot by Connor Zary.
14:42 of 1st period - Shot Misses the Net.
14:44 of 1st period - Wrist shot by Miro Heiskanen.
14:44 of 1st period - Deflect By Joe Pavelski.
14:44 of 1st period - Stopped by Igor Shesterkin without a rebound.
14:45 of 1st period - Aleksander Barkov wins face-off versus Teuvo Teravainen in New York Rangers zone.
15:21 of 1st period - Slapshot by Clayton Keller.
15:21 of 1st period - Shot Blocked by Adam Larsson.
15:37 of 1st period - Wrist shot by Connor Zary.
15:37 of 1st period - Shot Blocked by Jake McCabe.
15:39 of 1st period - Slapshot by Justin Schultz.
15:39 of 1st period - Stopped by Igor Shesterkin with a rebound.
16:29 of 1st period - David Kampf is hit by Ty Dellandrea and loses puck.
16:43 of 1st period - Off-side.
16:44 of 1st period - Anton Lundell wins face-off versus Dylan Strome in neutral zone.
16:53 of 1st period - Backhand shot by Nathan MacKinnon.
16:53 of 1st period - Stopped by Justus Annunen with a rebound.
16:55 of 1st period - Slapshot by Brendan Smith.
16:55 of 1st period - Shot Blocked by Anton Lundell.
16:57 of 1st period - Slapshot by Brendan Smith.
16:57 of 1st period - Shot Misses the Net.
16:59 of 1st period - Slapshot by Cam Fowler.
16:59 of 1st period - Shot Blocked by Noah Hanifin.
17:01 of 1st period - Slapshot by Brendan Smith.
17:01 of 1st period - Stopped by Justus Annunen with a rebound.
17:05 of 1st period - Snap shot by Nathan MacKinnon.
17:05 of 1st period - Stopped by Justus Annunen with a rebound.
17:07 of 1st period - Slapshot by Cam Fowler.
17:07 of 1st period - Shot Blocked by Mikko Rantanen.
17:15 of 1st period - Snap shot by Nathan MacKinnon.
17:15 of 1st period - Stopped by Justus Annunen with a rebound.
17:17 of 1st period - Wrist shot by Artemi Panarin.
17:17 of 1st period - Goal by Artemi Panarin - New York Rangers : 2 - Vancouver Canucks : 0.
17:18 of 1st period - Aleksander Barkov wins face-off versus Teuvo Teravainen in neutral zone.
17:27 of 1st period - Slapshot by Aleksander Barkov.
17:27 of 1st period - Stopped by Igor Shesterkin without a rebound.
17:28 of 1st period - Teuvo Teravainen wins face-off versus Aleksander Barkov in New York Rangers zone.
17:43 of 1st period - Snap shot by Nikolaj Ehlers.
17:43 of 1st period - Stopped by Justus Annunen without a rebound.
17:44 of 1st period - Joe Pavelski wins face-off versus Anton Lundell in Vancouver Canucks zone.
17:51 of 1st period - Slapshot by Mikko Rantanen.
17:51 of 1st period - Stopped by Igor Shesterkin without a rebound.
17:52 of 1st period - Anton Lundell wins face-off versus Joe Pavelski in New York Rangers zone.
18:01 of 1st period - Wrist shot by Clayton Keller.
18:01 of 1st period - Deflect By Mikko Rantanen.
18:01 of 1st period - Stopped by Igor Shesterkin without a rebound.
18:02 of 1st period - Teuvo Teravainen wins face-off versus Aleksander Barkov in New York Rangers zone.
18:37 of 1st period - Icing by Clayton Keller.
18:38 of 1st period - Dylan Strome wins face-off versus Anton Lundell in Vancouver Canucks zone.
18:57 of 1st period - Dylan Strome is hit by Miro Heiskanen and loses puck.
19:10 of 1st period - Snap shot by Mikko Rantanen.
19:10 of 1st period - Deflect By Artemi Panarin.
19:10 of 1st period - Shot Hit the Post.
19:10 of 1st period - Puck is out of play.
19:11 of 1st period - Aleksander Barkov wins face-off versus Teuvo Teravainen in New York Rangers zone.
19:14 of 1st period - Backhand shot by Aleksander Barkov.
19:14 of 1st period - Shot Misses the Net.
19:16 of 1st period - Snap shot by Ty Dellandrea.
19:16 of 1st period - Shot Blocked by Jake McCabe.
19:20 of 1st period - Slapshot by Aleksander Barkov.
19:20 of 1st period - Shot Misses the Net.
19:58 of 1st period - Slapshot by Cole Caufield.
19:58 of 1st period - Shot Misses the Net.
Goals for this period are 2 for New York Rangers vs 0 for Vancouver Canucks.
Shots for this period are 13 for New York Rangers vs 15 for Vancouver Canucks.
2nd period
0:01 of 2nd period - Teuvo Teravainen wins face-off versus Casey Mittelstadt in neutral zone.
0:04 of 2nd period - Wrist shot by Mathew Barzal.
0:04 of 2nd period - Shot Misses the Net.
0:28 of 2nd period - Adam Larsson is hit by Noah Hanifin and loses puck.
0:33 of 2nd period - Wrist shot by Matias Maccelli.
0:33 of 2nd period - Shot Misses the Net.
0:35 of 2nd period - Slapshot by Noah Hanifin.
0:35 of 2nd period - Stopped by Igor Shesterkin with a rebound.
0:37 of 2nd period - Slapshot by Noah Hanifin.
0:37 of 2nd period - Stopped by Igor Shesterkin with a rebound.
0:39 of 2nd period - Slapshot by Noah Hanifin.
0:39 of 2nd period - Stopped by Igor Shesterkin without a rebound.
0:40 of 2nd period - Dylan Strome wins face-off versus Aleksander Barkov in New York Rangers zone.
0:49 of 2nd period - Wrist shot by Artemi Panarin.
0:49 of 2nd period - Stopped by Justus Annunen with a rebound.
1:55 of 2nd period - Slapshot by Jesperi Kotkaniemi.
1:55 of 2nd period - Stopped by Igor Shesterkin without a rebound.
1:56 of 2nd period - Dylan Strome wins face-off versus Aleksander Barkov in New York Rangers zone.
1:56 of 2nd period - Dylan Strome is hit by Miro Heiskanen.
2:12 of 2nd period - Snap shot by Aleksander Barkov.
2:12 of 2nd period - Stopped by Igor Shesterkin with a rebound.
3:51 of 2nd period - Icing by Miro Heiskanen.
3:52 of 2nd period - Anton Lundell wins face-off versus Teuvo Teravainen in Vancouver Canucks zone.
3:52 of 2nd period - Anton Lundell is hit by Teuvo Teravainen.
4:08 of 2nd period - Icing by Mikko Rantanen.
4:09 of 2nd period - Anton Lundell wins face-off versus Dylan Strome in Vancouver Canucks zone.
4:14 of 2nd period - Snap shot by Mikko Rantanen.
4:14 of 2nd period - Deflect By Clayton Keller.
4:14 of 2nd period - Stopped by Igor Shesterkin with a rebound.
4:16 of 2nd period - Wrist shot by Clayton Keller.
4:16 of 2nd period - Deflect By Mikko Rantanen.
4:16 of 2nd period - Shot Misses the Net.
4:16 of 2nd period - Puck is out of play.
4:17 of 2nd period - Dylan Strome wins face-off versus Aleksander Barkov in New York Rangers zone.
4:36 of 2nd period - Snap shot by Artemi Panarin.
4:36 of 2nd period - Deflect By Nathan MacKinnon.
4:36 of 2nd period - Shot Misses the Net.
4:36 of 2nd period - Puck is out of play.
4:37 of 2nd period - Anton Lundell wins face-off versus Teuvo Teravainen in Vancouver Canucks zone.
5:04 of 2nd period - Teuvo Teravainen is hit by Connor Zary and loses puck.
5:11 of 2nd period - Snap shot by Taylor Raddysh.
5:11 of 2nd period - Stopped by Igor Shesterkin with a rebound.
5:29 of 2nd period - Teuvo Teravainen is hit by Emil Martinsen Lilleberg and loses puck.
6:14 of 2nd period - Wrist shot by Mikko Rantanen.
6:14 of 2nd period - Deflect By Anton Lundell.
6:14 of 2nd period - Stopped by Igor Shesterkin with a rebound.
6:40 of 2nd period - Wrist shot by Conor Garland.
6:40 of 2nd period - Stopped by Justus Annunen without a rebound.
6:41 of 2nd period - Aleksander Barkov wins face-off versus Dylan Strome in Vancouver Canucks zone.
6:52 of 2nd period - Slapshot by Miro Heiskanen.
6:52 of 2nd period - Shot Blocked by Brendan Smith.
6:54 of 2nd period - Slapshot by Aleksander Barkov.
6:54 of 2nd period - Stopped by Igor Shesterkin without a rebound.
6:55 of 2nd period - Joe Pavelski wins face-off versus Aleksander Barkov in New York Rangers zone.
6:57 of 2nd period - Icing by Cole Caufield.
6:58 of 2nd period - Aleksander Barkov wins face-off versus Joe Pavelski in New York Rangers zone.
6:59 of 2nd period - Snap shot by Casey Mittelstadt.
6:59 of 2nd period - Shot Misses the Net.
7:05 of 2nd period - Cole Caufield is hit by Ty Dellandrea and loses puck.
7:31 of 2nd period - Off-side.
7:32 of 2nd period - Dylan Strome wins face-off versus Anton Lundell in neutral zone.
8:06 of 2nd period - Minor Penalty to Jake McCabe for Slashing.
8:07 of 2nd period - Mikael Granlund wins face-off versus Casey Mittelstadt in New York Rangers zone.
8:34 of 2nd period - Clayton Keller is hit by Adam Larsson and loses puck.
8:41 of 2nd period - Marcus Foligno is hit by Noah Hanifin and loses puck.
10:06 of 2nd period - Penalty to Jake McCabe is over, Jake McCabe is back on ice.
10:12 of 2nd period - Dylan Strome is hit by Clayton Keller.
10:22 of 2nd period - Snap shot by Nathan MacKinnon.
10:22 of 2nd period - Stopped by Justus Annunen with a rebound.
10:24 of 2nd period - Snap shot by Artemi Panarin.
10:24 of 2nd period - Shot Misses the Net.
10:36 of 2nd period - Noah Hanifin is hit by Mikael Granlund.
10:58 of 2nd period - Teuvo Teravainen is hit by Ty Dellandrea and loses puck.
11:11 of 2nd period - Snap shot by Nathan MacKinnon.
11:11 of 2nd period - Stopped by Justus Annunen with a rebound.
11:38 of 2nd period - Jake McCabe is hit by Ty Dellandrea and loses puck.
11:50 of 2nd period - Icing by Ty Dellandrea.
11:51 of 2nd period - Aleksander Barkov wins face-off versus Joe Pavelski in Vancouver Canucks zone.
12:13 of 2nd period - Jacob Bernard-Docker is hit by Nikolaj Ehlers and loses puck.
12:41 of 2nd period - Jacob Bernard-Docker is hit by Nathan MacKinnon and loses puck.
12:58 of 2nd period - Wrist shot by Matias Maccelli.
12:58 of 2nd period - Stopped by Igor Shesterkin with a rebound.
13:00 of 2nd period - Backhand shot by Kasperi Kapanen.
13:00 of 2nd period - Goal by Kasperi Kapanen - New York Rangers : 2 - Vancouver Canucks : 1.
13:01 of 2nd period - Aleksander Barkov wins face-off versus Joe Pavelski in neutral zone.
13:08 of 2nd period - Backhand shot by Casey Mittelstadt.
13:08 of 2nd period - Shot Misses the Net.
13:10 of 2nd period - Backhand shot by Miro Heiskanen.
13:10 of 2nd period - Shot Misses the Net.
13:12 of 2nd period - Slapshot by Miro Heiskanen.
13:12 of 2nd period - Shot Hit the Post.
13:47 of 2nd period - Backhand shot by Noah Hanifin.
13:47 of 2nd period - Deflect By Dylan Strome.
13:47 of 2nd period - Stopped by Igor Shesterkin with a rebound.
14:15 of 2nd period - Snap shot by Mikael Granlund.
14:15 of 2nd period - Stopped by Justus Annunen with a rebound.
14:45 of 2nd period - Casey Mittelstadt is hit by Teuvo Teravainen and loses puck.
14:58 of 2nd period - Slapshot by Mikko Rantanen.
14:58 of 2nd period - Stopped by Igor Shesterkin with a rebound.
15:12 of 2nd period - Minor Penalty to Mikko Rantanen for Roughing.
15:13 of 2nd period - Anton Lundell wins face-off versus Dylan Strome in Vancouver Canucks zone.
16:12 of 2nd period - Backhand shot by Mathew Barzal.
16:12 of 2nd period - Shot Blocked by Noah Hanifin.
16:14 of 2nd period - Wrist shot by Nikolaj Ehlers.
16:14 of 2nd period - Goal by Nikolaj Ehlers - New York Rangers : 3 - Vancouver Canucks : 1.
16:15 of 2nd period - Aleksander Barkov wins face-off versus Marcus Foligno in neutral zone.
16:22 of 2nd period - Wrist shot by Casey Mittelstadt.
16:22 of 2nd period - Shot Blocked by Dmitry Kulikov.
16:40 of 2nd period - Anton Lundell is hit by Matthew Benning and loses puck.
17:26 of 2nd period - Snap shot by Nathan MacKinnon.
17:26 of 2nd period - Shot Hit the Post.
17:28 of 2nd period - Snap shot by Adam Larsson.
17:28 of 2nd period - Deflect By Matias Maccelli.
17:28 of 2nd period - Stopped by Justus Annunen with a rebound.
17:30 of 2nd period - Slapshot by Adam Larsson.
17:30 of 2nd period - Stopped by Justus Annunen with a rebound.
17:32 of 2nd period - Slapshot by Jake McCabe.
17:32 of 2nd period - Deflect By Dylan Strome.
17:32 of 2nd period - Shot Blocked by Matias Maccelli.
17:32 of 2nd period - Puck is out of play.
17:33 of 2nd period - Teuvo Teravainen wins face-off versus Aleksander Barkov in Vancouver Canucks zone.
17:40 of 2nd period - Snap shot by Mathew Barzal.
17:40 of 2nd period - Shot Blocked by Jake Bean.
18:13 of 2nd period - Icing by Nikolaj Ehlers.
18:14 of 2nd period - Teuvo Teravainen wins face-off versus Aleksander Barkov in New York Rangers zone.
18:14 of 2nd period - Teuvo Teravainen is hit by Casey Mittelstadt.
18:24 of 2nd period - Wrist shot by Nikolaj Ehlers.
18:24 of 2nd period - Shot Misses the Net.
18:26 of 2nd period - Wrist shot by Teuvo Teravainen.
18:26 of 2nd period - Stopped by Justus Annunen with a rebound.
18:26 of 2nd period - Justus Annunen from Vancouver Canucks is injured at 18:26 of 2nd period (Sports Hernia).
18:26 of 2nd period - Joonas Korpisalo enters game.
18:27 of 2nd period - Aleksander Barkov wins face-off versus Dylan Strome in Vancouver Canucks zone.
18:52 of 2nd period - Joe Pavelski is hit by Noah Hanifin and loses puck.
19:27 of 2nd period - Wrist shot by Mikko Rantanen.
19:27 of 2nd period - Goal by Mikko Rantanen - New York Rangers : 3 - Vancouver Canucks : 2.
19:28 of 2nd period - Dylan Strome wins face-off versus Aleksander Barkov in neutral zone.
19:37 of 2nd period - Wrist shot by Artemi Panarin.
19:37 of 2nd period - Stopped by Joonas Korpisalo without a rebound.
19:38 of 2nd period - Ty Dellandrea wins face-off versus Artemi Panarin in Vancouver Canucks zone.
19:47 of 2nd period - Snap shot by Nathan MacKinnon.
19:47 of 2nd period - Stopped by Joonas Korpisalo without a rebound.
19:48 of 2nd period - Aleksander Barkov wins face-off versus Joe Pavelski in Vancouver Canucks zone.
19:57 of 2nd period - Snap shot by Aleksander Barkov.
19:57 of 2nd period - Stopped by Igor Shesterkin with a rebound.
19:59 of 2nd period - Slapshot by Miro Heiskanen.
19:59 of 2nd period - Shot Misses the Net.
Goals for this period are 1 for New York Rangers vs 2 for Vancouver Canucks.
Shots for this period are 11 for New York Rangers vs 15 for Vancouver Canucks.
3rd period
0:01 of 3rd period - Aleksander Barkov wins face-off versus Nathan MacKinnon in neutral zone.
0:04 of 3rd period - Slapshot by Noah Hanifin.
0:04 of 3rd period - Shot Misses the Net.
0:16 of 3rd period - Wrist shot by Artemi Panarin.
0:16 of 3rd period - Stopped by Joonas Korpisalo with a rebound.
0:26 of 3rd period - Brendan Smith is hit by Anton Lundell and loses puck.
0:47 of 3rd period - Slapshot by Connor Zary.
0:47 of 3rd period - Stopped by Igor Shesterkin with a rebound.
0:53 of 3rd period - Slapshot by Cole Caufield.
0:53 of 3rd period - Shot Misses the Net.
0:55 of 3rd period - Slapshot by Matthew Benning.
0:55 of 3rd period - Stopped by Joonas Korpisalo with a rebound.
1:15 of 3rd period - Snap shot by Matias Maccelli.
1:15 of 3rd period - Shot Misses the Net.
1:17 of 3rd period - Snap shot by Matias Maccelli.
1:17 of 3rd period - Stopped by Igor Shesterkin without a rebound.
1:18 of 3rd period - Aleksander Barkov wins face-off versus Dylan Strome in New York Rangers zone.
1:45 of 3rd period - Adam Larsson is hit by Mikko Rantanen and loses puck.
2:12 of 3rd period - Wrist shot by Mikael Granlund.
2:12 of 3rd period - Shot Blocked by Miro Heiskanen.
2:54 of 3rd period - Wrist shot by Nathan MacKinnon.
2:54 of 3rd period - Deflect By Aleksander Barkov.
2:54 of 3rd period - Stopped by Joonas Korpisalo without a rebound.
2:55 of 3rd period - Teuvo Teravainen wins face-off versus Anton Lundell in Vancouver Canucks zone.
3:24 of 3rd period - Off-side.
3:25 of 3rd period - Aleksander Barkov wins face-off versus Cole Caufield in neutral zone.
3:44 of 3rd period - Minor Penalty to Brendan Smith for Holding.
3:45 of 3rd period - David Kampf wins face-off versus Casey Mittelstadt in New York Rangers zone.
3:59 of 3rd period - Slapshot by Miro Heiskanen.
3:59 of 3rd period - Stopped by Igor Shesterkin without a rebound.
4:00 of 3rd period - Aleksander Barkov wins face-off versus Mikael Granlund in New York Rangers zone.
4:27 of 3rd period - Taylor Raddysh is hit by Adam Larsson and loses puck.
4:34 of 3rd period - Slapshot by Jake Bean.
4:34 of 3rd period - Stopped by Igor Shesterkin with a rebound.
5:44 of 3rd period - Penalty to Brendan Smith is over, Brendan Smith is back on ice.
6:34 of 3rd period - Icing by Mikko Rantanen.
6:35 of 3rd period - Dylan Strome wins face-off versus Anton Lundell in Vancouver Canucks zone.
6:36 of 3rd period - Wrist shot by Nathan MacKinnon.
6:36 of 3rd period - Shot Blocked by Jacob Bernard-Docker.
6:50 of 3rd period - Snap shot by Conor Garland.
6:50 of 3rd period - Stopped by Joonas Korpisalo without a rebound.
6:51 of 3rd period - Connor Zary wins face-off versus Marcus Foligno in Vancouver Canucks zone.
7:02 of 3rd period - Snap shot by Conor Garland.
7:02 of 3rd period - Stopped by Joonas Korpisalo with a rebound.
7:06 of 3rd period - Snap shot by David Kampf.
7:06 of 3rd period - Stopped by Joonas Korpisalo with a rebound.
8:46 of 3rd period - Icing by Nathan MacKinnon.
8:47 of 3rd period - Connor Zary wins face-off versus Dylan Strome in New York Rangers zone.
8:52 of 3rd period - Snap shot by Robby Fabbri.
8:52 of 3rd period - Shot Misses the Net.
9:34 of 3rd period - Snap shot by Casey Mittelstadt.
9:34 of 3rd period - Stopped by Igor Shesterkin without a rebound.
9:35 of 3rd period - Aleksander Barkov wins face-off versus David Kampf in New York Rangers zone.
10:18 of 3rd period - Icing by Mikko Rantanen.
10:19 of 3rd period - Anton Lundell wins face-off versus Joe Pavelski in Vancouver Canucks zone.
10:57 of 3rd period - Slapshot by Nathan MacKinnon.
10:57 of 3rd period - Deflect By Artemi Panarin.
10:57 of 3rd period - Shot Misses the Net.
10:57 of 3rd period - Puck is out of play.
10:58 of 3rd period - Teuvo Teravainen wins face-off versus Connor Zary in Vancouver Canucks zone.
11:05 of 3rd period - Slapshot by Mathew Barzal.
11:05 of 3rd period - Deflect By Teuvo Teravainen.
11:05 of 3rd period - Goal by Teuvo Teravainen - New York Rangers : 4 - Vancouver Canucks : 2.
11:06 of 3rd period - Aleksander Barkov wins face-off versus Mikael Granlund in neutral zone.
12:07 of 3rd period - Wrist shot by Mathew Barzal.
12:07 of 3rd period - Stopped by Joonas Korpisalo with a rebound.
12:19 of 3rd period - Wrist shot by Teuvo Teravainen.
12:19 of 3rd period - Deflect By Jake Bean.
12:19 of 3rd period - Shot Blocked by Jesperi Kotkaniemi.
12:19 of 3rd period - Puck is out of play.
12:20 of 3rd period - Jesperi Kotkaniemi wins face-off versus David Kampf in Vancouver Canucks zone.
14:18 of 3rd period - Snap shot by Cole Caufield.
14:18 of 3rd period - Shot Blocked by Jacob Bernard-Docker.
14:25 of 3rd period - Minor Penalty to Ty Dellandrea for Roughing.
14:26 of 3rd period - Aleksander Barkov wins face-off versus Dylan Strome in Vancouver Canucks zone.
14:26 of 3rd period - Aleksander Barkov is hit by Nathan MacKinnon.
16:25 of 3rd period - Penalty to Ty Dellandrea is over, Ty Dellandrea is back on ice.
16:32 of 3rd period - Wrist shot by Conor Garland.
16:32 of 3rd period - Stopped by Joonas Korpisalo with a rebound.
16:52 of 3rd period - Marcus Foligno is hit by Mikko Rantanen and loses puck.
17:33 of 3rd period - Icing by Casey Mittelstadt.
17:34 of 3rd period - Matias Maccelli wins face-off versus Joe Pavelski in Vancouver Canucks zone.
17:34 of 3rd period - Matias Maccelli is hit by Mathew Barzal.
17:44 of 3rd period - Cam Fowler is hit by Clayton Keller and loses puck.
18:30 of 3rd period - Clayton Keller is hit by Matthew Benning and loses puck.
19:05 of 3rd period - Adam Larsson is hit by Noah Hanifin and loses puck.
19:57 of 3rd period - Minor Penalty to Aleksander Barkov for Cross-checking.
19:58 of 3rd period - Joe Pavelski wins face-off versus Anton Lundell in Vancouver Canucks zone.
Goals for this period are 1 for New York Rangers vs 0 for Vancouver Canucks.
Shots for this period are 9 for New York Rangers vs 5 for Vancouver Canucks.
Back to the Top